 Dungeon Crawl Stone Soup version 0.17-a0-1849-g8a24fa2 (webtiles) character file.

151 HiobMontag the Chiller (level 5, -13/36 HPs)
             Began as a Vampire Ice Elementalist on Sept 18, 2015.
             Mangled by an ogre
             ... wielding a +0 giant spiked club
              (27 damage)
             ... on level 4 of the Dungeon.
             The game lasted 00:27:27 (4194 turns).

HiobMontag the Chiller (Vampire Ice Elementalist)   Turns: 4194, Time: 00:27:27

Health: -13/36     AC:  9    Str:  7    XL:     5   Next: 10%
Magic:  0/9        EV: 13    Int: 19    God:
Gold:   196        SH:  0    Dex: 14    Spells: 3 memorised, 4 levels left

rFire  . . .     SeeInvis +     l - +0 short sword
rCold  + + .     Clarity  .     a - +1 robe
rNeg   + + +     SustAt   .     (no shield)
rPois  +         Gourm    .     (no helmet)
rElec  .         Spirit   .     (no cloak)
rCorr  .         Warding  .     (no gloves)
rMut   .         Stasis   .     f - +0 pair of boots
MR     .....                    (no amulet)
Stlth  +++.......               (no ring)
                                (no ring)

@: icy armour, regenerating slowly, not resistant to hostile enchantments,
fairly stealthy
A: fangs 3, see invisible, unbreathing
a: Bat Form


You were on level 4 of the Dungeon.
You were near bloodless.

You visited 1 branch of the dungeon, and saw 4 of its levels.
You also visited: Ossuary.

You collected 196 gold pieces.

Inventory:

Hand weapons
 l - a +0 short sword (weapon)
 o - a +0 blowgun
Missiles
 n - 2 tomahawks (quivered)
 p - 19 poisoned needles
Armour
 a - a +1 robe (worn)
 f - a +0 pair of boots (worn)
Magical devices
 e - a wand of cold (9)
Scrolls
 g - 4 scrolls of remove curse
 i - a scroll of enchant weapon {unknown}
 j - 5 scrolls of identify
Potions
 c - 7 potions of blood
 h - 2 potions of haste {unknown}
 k - 2 potions of agility
 m - a potion of brilliance {unknown}
 q - a potion of might {unknown}
Books
 b - a book of Frost

   Spells                             Type                      Level
   a - Freeze                         Ice                          1
   b - Throw Frost                    Conjuration/Ice              2
   c - Ozocubu's Armour               Charms/Ice                   3
   d - Throw Icicle                   Conjuration/Ice              4
   e - Summon Ice Beast               Ice/Summoning                4
   f - Condensation Shield            Ice                          4
 d - a book of Power

   Spells                             Type                      Level
   a - Fulminant Prism                Conjuration/Hexes            4
   b - Iskenderun's Mystic Blast      Conjuration                  4
   c - Venom Bolt                     Conjuration/Poison           5
   d - Bolt of Magma                  Conjuration/Fire/Earth       5
   e - Iron Shot                      Conjuration/Earth            6
   f - Orb of Destruction             Conjuration                  7
   g - Spellforged Servitor           Conjuration/Summoning        7


   Skills:
 + Level 0.6 Fighting
 + Level 0.1 Throwing
 + Level 3.1 Dodging
 + Level 3.4 Stealth
 + Level 3.0 Spellcasting
 + Level 0.9 Conjurations
 + Level 4.2 Ice Magic


You had 4 spell levels left.
You knew the following spells:

 Your Spells              Type           Power        Failure   Level  Hunger
a - Freeze                Ice            ###.         2%          1    None
b - Throw Frost           Conj/Ice       ##....       10%         2    ##.....
c - Ozocubu's Armour      Chrm/Ice       ##......     21%         3    ###....


Dungeon Overview and Level Annotations

Branches:
Dungeon (4/15)
 Temple: D:4-7

Altars:
Makhleb
Okawaru
Qazlal


Innate Abilities, Weirdness & Mutations

You heal slowly.
You have razor-sharp teeth.
You have supernaturally acute eyesight.
You can survive without breathing.


Message History

Aiming: Freeze
Press: ? - help, Shift-Dir - straight line, f/p - ogre
Aim: an ogre, wielding a giant spiked club (moderately wounded)
You freeze the ogre.
The ogre is heavily wounded.
The ogre hits you but does no damage.
Casting: Freeze
Confirm with . or Enter, or press ? or * to list all spells.
Aiming: Freeze
Press: ? - help, Shift-Dir - straight line, f/p - ogre
Aim: an ogre, wielding a giant spiked club (heavily wounded)
You freeze the ogre.
The ogre is severely wounded.
The ogre hits you with a giant spiked club!!
Ouch! That really hurt!
You barely miss the ogre.
The ogre is severely wounded.
The ogre hits you with a giant spiked club!!
Ouch! That really hurt!
You die...

#####.#####.#
#...#####.####
##......## #.# #....#
#§#
.........###.#####.....#
#§#
##.###.................#
#§#
.........##.######.....#
#.# ##.#####.##.#
##..(## #.# #.#
#.##.############ #.#
..# #.......#.O......
..# ### #.##.##.#@# ###
########.##.##<#.#
.........##......#
########.#####.###
#.#####.# #.......#
#########


You could see an ogre.

Vanquished Creatures
  A water moccasin skeleton (D:4)
  3 adders
  2 oozes (D:1)
  2 worms (D:2)
  2 orcs (D:3)
  5 ball pythons
  4 bats
  2 giant cockroaches (D:1)
  7 goblins
  6 hobgoblins
  7 jackals
  11 kobolds
  2 giant geckos
  5 giant newts
  6 rats
65 creatures vanquished.

Notes
Turn   | Place    | Note
--------------------------------------------------------------
     0 | D:1      | HiobMontag the Vampire Ice Elementalist began the quest for the Orb.
     0 | D:1      | Reached XP level 1. HP: 13/13 MP: 3/3
   197 | D:1      | Found an iron altar of Okawaru.
   244 | D:1      | Reached XP level 2. HP: 5/19 MP: 0/5
   586 | D:1      | Learned a level 2 spell: Throw Frost
   660 | D:1      | Reached XP level 3. HP: 24/24 MP: 0/6
   780 | D:1      | Learned a level 3 spell: Ozocubu's Armour
  1714 | D:2      | Reached skill level 4 in Ice Magic
  1782 | D:2      | Found a burning altar of Makhleb.
  1810 | D:2      | Reached XP level 4. HP: 30/30 MP: 0/7
  3766 | D:4      | Reached XP level 5. HP: 16/36 MP: 0/9
  3927 | D:4      | Found a stormy altar of Qazlal.
  3956 | D:4      | Found a sand-covered staircase.
  3962 | Ossuary  | Entered an ossuary
  4187 | D:4      | Noticed an ogre
  4194 | D:4      | Mangled by an ogre

Vault maps used:
D:1:      grunt_arrival_crossed_arrows, serial_glass, glass_columns_b,
          glass_columns_c, glass_columns_b, glass_columns_b,
          minmay_strange_pillars, st_stairs_1, minmay_misc_feat_enclosed,
          okawaru_ov_weapons_minmay
D:2:      nicolae_overflow_hidden_temple, eino_tiny_chamber,
          minmay_goblin_kobold_house
D:4:      nicolae_qazlal_general_emergency, first_bread,
          nicolae_ossuary_entry_plus
Ossuary:  ossuary_tomb_3

Action                   |  1- 3 |  4- 6 || total
-------------------------+-------+-------++-------
Melee: Unarmed           |     3 |       ||     3
       Short sword       |     4 |    41 ||    45
       Falchion          |     3 |       ||     3
Throw: Stone             |    10 |     6 ||    16
       Tomahawk          |       |     2 ||     2
 Cast: Freeze            |    44 |    23 ||    67
       Throw Frost       |    15 |    31 ||    46
       Ozocubu's Armour  |       |     5 ||     5
  Use: Scroll            |     2 |    10 ||    12
       Potion            |     1 |     4 ||     5
  Eat: Corpse            |     3 |     5 ||     8
